Zazza, neutral female human Tourist ------ |....| |....+ |.f.W| |@a).f --- -- Zazza the Sightseer Experience level: 3 Strength: 13 Dexterity: 11 Constitution: 16 Intelligence: 13 Wisdom: 7 Charisma: 18 Health: 0(22) Energy: 10(10) Def: 0 Gold: 1736 Moves: 2859 Dungeon seed: pGKf5NFjqj7hyXv5 Game ID: Zazza_1574507196 Your Inventory: Coins $ - 1736 gold pieces Weapons a - 26 +2 darts (in quiver) C - a +0 long sword (weapon in hand) M - a +0 elven dagger Q - a cursed -2 war hammer Armor e - a blessed +0 Hawaiian shirt N - an uncursed +0 studded leather armor Comestibles b - 4 uncursed food rations f - 2 uncursed tripe rations g - an uncursed egg Scrolls l - a blessed scroll of magic mapping v - an uncursed scroll of light x - an uncursed scroll of gold detection I - an uncursed scroll of food detection R - an uncursed scroll of enchant weapon V - a cursed scroll of identify Spellbooks o - an uncursed spellbook of slow monster H - an uncursed spellbook of fireball Y - a blessed spellbook of identify Potions i - an uncursed potion of extra healing j - a blessed potion of extra healing w - an uncursed potion of blindness K - a potion of unholy water Rings T - an uncursed ring of poison resistance (on left hand) Wands p - a wand of teleportation (0:6) Tools k - an uncursed skeleton key m - an expensive camera (0:62) n - an uncursed credit card Z - an uncursed lock pick Gems q - an uncursed worthless piece of green glass r - an uncursed worthless piece of black glass y - 3 uncursed amethyst stones z - an uncursed agate stone Spells and supernatural/magical abilities: Name Level Category Fail Memory W - pray for help -- divine ? -- Your skills at the end: Fighting Skills Weapon Skills dart [Basic] Spellcasting Skills Final Attributes: You were stridently aligned. You were poison resistant. You were unlucky. You are dead. Vanquished creatures: a shrieker 3 floating eyes 2 homunculi a werejackal an iguana 2 hobbits a giant rat a cave spider 4 geckos a jackal 3 foxes a kobold 3 goblins 2 sewer rats 2 grid bugs 8 lichens a kobold zombie 4 newts 41 creatures vanquished. Voluntary challenges: You used a wielded weapon 20 times, starting on turn 1032. You read items or engraved 4 times, starting on turn 693. You never genocided any monsters. You never polymorphed an object. You never changed form. You used no wishes. You never split a pudding. You wrote Elbereth's name 1 time, starting on turn 2581. You never violated your personal moral code. Dungeon overview: The Dungeons of Doom: levels 1 to 7 Level 1 a fountain a long staircase Level 2 a weapon shop, a fountain Level 3 some fountains Level 4 a fountain a long staircase Level 5 a fountain Level 6 a potion shop, an altar to Offler, a fountain Level 7 <- You were here History has recorded: On T:1 you entered the Dungeons of Doom to retrieve the Amulet of Yendor! On T:545 you reached level 2 of The Dungeons of Doom. On T:640 you advanced to experience level 2. On T:1065 you reached level 3 of The Dungeons of Doom. On T:1553 you reached level 4 of The Dungeons of Doom. On T:1948 you advanced to experience level 3. On T:1956 you reached level 5 of The Dungeons of Doom. On T:2306 you reached level 6 of The Dungeons of Doom. On T:2857 you reached level 7 of The Dungeons of Doom. Score breakdown: Gold: 866 ( 9994 points) Experience: 3 levels ( 7878 points) Exploration: 7 levels ( 13.46%) (10289 points) Discoveries: 0 items ( 0.00%) ( 0 points) Valuables value: (no points given unless you survive) Artifact value: 0 ( 0 points) Variety of kills: 18 monsters ( 4.72%) ( 6520 points) Turncount: 2859 turns ( -528 points) Survival: died (score multiplied by 80%) Total score: 27322 Latest messages: You displace Armand. You stop. Armand is in the way! Armand misses the iguana. Armand bites the iguana. The iguana bites Armand. Armand bites the iguana. The iguana is killed! Armand eats an iguana corpse. There is a staircase up here. The dagger misses the soldier ant. Armand bites the soldier ant. The soldier ant misses Armand. (2x) You miss the soldier ant. Armand misses the soldier ant. The soldier ant bites! The soldier ant stings! Armand bites the soldier ant. The soldier ant misses Armand. (2x) The soldier ant bites! The soldier ant stings! You die... Final status: Aloha Zazza the Tourist, killed by a soldier ant... You died in The Dungeons of Doom on dungeon level 7 with 27322 points, and 1736 pieces of gold, after 2859 moves. You were level 3 with a maximum of 22 hit points when you died.